 Dungeon Crawl Stone Soup version 0.14-a0-2061-g6c6fb9c (webtiles) character file.

273 Jenx the Ruinous (level 5, 0/28 HPs)
             Began as a Deep Elf Conjurer on Jan 21, 2014.
             Killed from afar by an orc wizard (4 damage)
             ... with a puff of flame
             ... on Level 3 of the Dungeon.
             The game lasted 00:06:42 (2159 turns).

Jenx the Ruinous (Deep Elf Conjurer)                Turns: 2159, Time: 00:06:43

HP   0/28        AC  3     Str  5      XL: 5   Next: 17%
MP   1/16        EV 13     Int 21      God:
Gold 114         SH  0     Dex 15      Spells:  3 memorised,  2 levels left

rFire  . . .     SeeInvis .     a - +0,+2 spear
rCold  . . .     Clarity  .     g - +0 elf robe
rNeg   . . .     Conserve .     (no shield)
rPois  .         rCorr    .     (no helmet)
rElec  .         rRot     .     (no cloak)
SustAb . .       Spirit   .     l - +0 pair of gloves
rMut   .         Warding  .     (no boots)
Saprov . . .     Stasis   .     (no amulet)
MR     .....                    (no ring)
                                (no ring)

@: not resistant to hostile enchantments, fairly stealthy
A: no striking features
a: no special abilities


You were on level 3 of the Dungeon.
You were not hungry.

You visited 1 branch of the dungeon, and saw 3 of its levels.

You collected 114 gold pieces.

Inventory:

Hand weapons
 a - a +0,+2 spear (weapon)
 r - a cursed -4,-2 orcish hand axe
Armour
 g - a +0 elven robe (worn)
 l - a +0 pair of gloves (worn)
Comestibles
 b - 3 bread rations
 h - 3 pears
 n - a chunk of adder flesh
 o - a chunk of bat flesh
 p - 4 rotting chunks of orc flesh
 q - a chunk of jackal flesh
 s - 2 chunks of worm flesh
 u - 2 rotting chunks of goblin flesh
Scrolls
 d - a scroll of immolation {unknown}
 e - a scroll of noise {unknown}
 f - 2 scrolls of remove curse {unknown}
 i - a scroll of teleportation {unknown}
 j - a scroll of enchant armour {unknown}
 m - a scroll of recharging {unknown}
 v - a scroll of magic mapping {unknown}
Potions
 k - 5 potions of curing {unknown}
Books
 c - a book of Conjurations

   Spells                             Type                      Level
   *Magic Dart                        Conjuration                  1
   Searing Ray                        Conjuration                  2
   *Dazzling Spray                    Conjuration/Hexes            3
   Iskenderun's Mystic Blast          Conjuration                  4
   *Iskenderun's Battlesphere         Conjuration/Charms           4
   Fulminant Prism                    Conjuration/Hexes            5


   Skills:
 - Level 2.4 Dodging
 - Level 2.4 Stealth
 - Level 3.0 Spellcasting
 + Level 6.2 Conjurations
 + Level 4.3 Charms


You had 2 spell levels left.
You knew the following spells:

 Your Spells              Type           Power        Failure   Level  Hunger
a - Magic Dart            Conj           ####         1%          1    None
b - Dazzling Spray        Conj/Hex       ###.....     14%         3    ###....
c - Iskenderun's Battles  Conj/Chrm      ####....     17%         4    ####...


Dungeon Overview and Level Annotations

Branches:
Dungeon (3/16)

Altars:
Dithmengos
Kikubaaqudgha
Yredelemnul


Message History

Casting: Dazzling Spray
Confirm with . or Enter, or press ? or * to list all spells.
You don't have enough magic to cast that spell.
Unknown command.
You barely miss the orc wizard.
The orc wizard is almost dead.
The orc wizard hits you with an orcish dagger.
* * * LOW HITPOINT WARNING * * *
You closely miss the orc wizard.
The orc wizard is almost dead.
The orc wizard gestures wildly while chanting.
The orc wizard flickers and vanishes!
Deactivating autopickup; reactivate with Ctrl-A.
You completely miss something. Something hits you.
* * * LOW HITPOINT WARNING * * *
You miss something.
You hear some strange, mumbled words.
A puff of flame appears from out of thin air!
The puff of flame hits you!
You die...

..># #.##.#
..o###
#.##.# ###%
#.##.#
#.#####.##.#
#......#...#
#)#####.####
#. #.#
#.#####.#
#.>@....#
#########


There were no monsters in sight!

Vanquished Creatures
  An orc priest (D:3)
  Ijyb (D:2)
  2 adders
  4 worms
  A giant gecko (D:2)
  An ooze (D:2)
  7 orcs (D:3)
  2 giant cockroaches (D:1)
  5 hobgoblins
  9 jackals
  3 kobolds
  A quokka (D:2)
  4 bats
  3 giant newts
  6 goblins
  7 rats
  A spectral orc (D:2)
58 creatures vanquished.

Notes
Turn   | Place    | Note
--------------------------------------------------------------
     0 | D:1      | Jenx, the Deep Elf Conjurer, began the quest for the Orb.
     0 | D:1      | Reached XP level 1. HP: 10/10 MP: 5/5
   568 | D:1      | Reached XP level 2. HP: 15/15 MP: 4/8
   661 | D:1      | Reached skill level 5 in Conjurations
   953 | D:2      | Reached XP level 3. HP: 19/19 MP: 8/10
   958 | D:2      | Learned a level 3 spell: Dazzling Spray
   976 | D:2      | Noticed Ijyb
   990 | D:2      | Killed Ijyb
  1126 | D:2      | Reached skill level 6 in Conjurations
  1179 | D:2      | Found a shadowy altar of Dithmengos.
  1358 | D:2      | Found a basalt altar of Yredelemnul.
  1555 | D:3      | Found an ancient bone altar of Kikubaaqudgha.
  1572 | D:2      | Reached XP level 4. HP: 24/24 MP: 9/13
  1584 | D:2      | Learned a level 4 spell: Iskenderun's Battlesphere
  2022 | D:3      | Reached XP level 5. HP: 28/28 MP: 11/16
  2159 | D:3      | Killed from afar by an orc wizard

Action                   |  1- 3 |  4- 6 || total
-------------------------+-------+-------++-------
Melee: Unarmed           |     2 |       ||     2
       Spear             |    14 |    37 ||    51
 Cast: Magic Dart        |    70 |    51 ||   121
       Dazzling Spray    |     1 |     6 ||     7
